 Dungeon Crawl Stone Soup version 0.31-a0-441-g867994ef1c (webtiles) character file.

Game seed: 18078297484449105604

676 jasper the Ruffian (level 7, -2/41 HPs)
             Began as a Gargoyle Shapeshifter on Aug 2, 2023.
             Was a Believer of Cheibriados.
             Slain by a mummy (13 damage)
             ... in an ossuary.
             The game lasted 00:07:41 (3902 turns).

jasper the Ruffian (Gargoyle Shapeshifter)          Turns: 3902, Time: 00:07:41

Health: -2/41      AC:  9    Str: 23    XL:     7   Next: 60%
Magic:  7/7        EV: 12    Int: 14    God:    Cheibriados [**....]
Gold:   227        SH:  6    Dex: 17    Spells: 6/6 levels left

rFire   . .          .
                       - Unarmed
rCold   . . .        l - +1 buckler {rN+}
rNeg    + + .        m - +0 ring mail
rPois   ∞            (helmet currently unavailable)
rElec   +            (cloak currently unavailable)
rCorr   .            (gloves currently unavailable)
SInv    .            (boots currently unavailable)
Will    .....        (no amulet)
Stlth   +            (no ring)
HPRegen 0.26/turn    (no ring)
MPRegen 0.10/turn

%: no passive effects
@: beast-form, very slow
A: beast (slay +2), sickness immunity, AC +4, negative energy resistance 1,
electricity resistance, torment resistance 1, petrification resistance
a: Begin Untransformation, Renounce Religion, Bend Time


You were in an ossuary.
You worshipped Cheibriados.
Cheibriados was pleased with you.
You were a hulking beast.
You visited 1 branch of the dungeon, and saw 5 of its levels.
You also visited: Ossuary.

You collected 359 gold pieces.
You spent 132 gold pieces at shops.

Inventory:

Missiles
 o - 8 stones (quivered)
Armour
 a - a +0 animal skin
 b - a +0 leather armour
 d - a +0 helmet
 l - a +1 buckler of positive energy (worn)
 m - a +0 ring mail (worn)
Jewellery
 f - a ring of wizardry
 k - a ring of fire
Talismans
 c - a beast talisman (active)
Scrolls
 e - a scroll of identify
 j - 4 scrolls of teleportation
Potions
 g - a potion of enlightenment
 h - 3 potions of curing
 i - a potion of mutation
 n - a potion of invisibility


   Skills:
 - Level 3.5 Fighting
 - Level 3.0 Dodging
 + Level 3.8 Shields
 - Level 5.4 Unarmed Combat
 - Level 3.2 Shapeshifting


You had 6 spell levels left.
You didn't know any spells.
Your spell library contained the following spells:

 Spells                   Type           Power      Damage    Failure   Level
 Shock                    Conj/Air       0%         1d3       50%         1
 Ensorcelled Hibernation  Hex/Ice        0%         N/A       63%         2
 Passwall                 Tmut/Erth      0%         N/A       63%         2
 Wereblood                Tmut           0%         N/A       63%         2
 Swiftness                Air            0%         N/A       86%         3
 Airstrike                Air            0%         2d(0-16)  99%         4
 Cause Fear               Hex            0%         N/A       99%         4
 Fireball                 Conj/Fire      0%         3d3       100%        5
 Summon Hydra             Summ           0%         N/A       100%        7
 Dragon's Call            Summ           0%         N/A       100%        9
 Sublimation of Blood     Necr           Unusable   N/A       N/A         2

Dungeon Overview and Level Annotations

Branches:
Dungeon (5/15)            Ossuary (1/1)
 Temple: D:4-7

Altars:
Ashenzari
Cheibriados
Dithmenos
Xom
Zin

Shops:
D:1 !   D:3 :::[*   D:5 ?

Annotations:
D:5 5 runed translucent doors


Innate Abilities, Weirdness & Mutations

You are a hulking beast.
Your limbs bulge with bestial killing power. (Slay +2)
You are immune to sickness and miasma.
Your stone body is resilient. (AC +4)
You are immune to poison.
You resist negative energy. (rN+)
You are resistant to electric shocks. (rElec)
You are resistant to unholy torment.
You are immune to petrification.


Message History

The mummy hits you!
You take 13 damage, and have 28/41 hp.
MASSIVE DAMAGE!!
You hit the mummy but do no damage.
The mummy is heavily damaged.
You hit the mummy.
The mummy is severely damaged.
You hit the mummy.
The mummy is moderately damaged.
The mummy hits you!
You take 13 damage, and have 15/41 hp.
MASSIVE DAMAGE!!
You barely miss the mummy.
The mummy is severely damaged.
The mummy hits you but does no damage.
You punch the mummy!
You destroy the mummy!
Okay, then.
Okay, then.
You feel better.
You regained 6 hp, and now have 22/41 hp.
You barely miss the mummy.
The mummy is moderately damaged.
You block the mummy's attack.
You barely miss the mummy.
The mummy is moderately damaged.
You hit the mummy but do no damage.
The mummy is moderately damaged.
You block the mummy's attack.
You hit the mummy but do no damage.
The mummy is moderately damaged.
You punch the mummy!
The mummy is severely damaged.
The mummy hits you!
* * * LOW HITPOINT WARNING * * *
You take 12 damage, and have 11/41 hp.
MASSIVE DAMAGE!!
You hit the mummy.
The mummy is severely damaged.
You hit the mummy.
The mummy is almost destroyed.
The mummy hits you!
You die...

#...# #.. ##'## ###
#...# #.. #...# #..
#...# #.. #...# #..
#'### ##' #...# #..
#..h# ### #####..
#..M# #!!!!#...#..
#...'.∩.+!?(?#.∩.'..
#...#...#!???#...#..
########### #######


You could see a mummy.

Vanquished Creatures
  An ice beast (D:5)
  A phantom (D:4)
  Blork the orc (D:4)
  A scorpion (D:4)
  2 water moccasin zombies (Ossuary)
  2 iguanas
  An orc wizard (D:4)
  Natasha (D:2)
  A mummy (Ossuary)
  4 adders
  A white imp (D:5)
  4 adder zombies (Ossuary)
  2 dart slugs
  3 orcs (D:4)
  10 ball pythons
  9 endoplasms
  2 giant cockroaches
  4 gnoll zombies (Ossuary)
  8 goblins
  4 hobgoblins
  16 jackals
  A quokka (D:3)
  4 bats
  2 frilled lizards
  4 hobgoblin zombies (Ossuary)
  2 kobolds (D:1)
  4 kobold zombies (Ossuary)
  7 orc zombies (Ossuary)
  4 rats
106 creatures vanquished.

Notes
Turn   | Place    | Note
-------+----------+-------------------------------------------
     0 | D:1      | jasper the Gargoyle Shapeshifter began the quest for the
                  | Orb.
     0 | D:1      | Reached XP level 1. HP: 12/12 MP: 1/1
    56 | D:1      | Reached XP level 2. HP: 10/16 MP: 2/2
   226 | D:1      | Reached XP level 3. HP: 15/20 MP: 3/3
   642 | D:1      | Found Xoirenit's Distillery.
   650 | D:1      | Bought a potion of curing for 39 gold pieces
   812 | D:2      | Found a snail-covered altar of Cheibriados.
   840 | D:2      | Became a worshipper of Cheibriados the Contemplative
  1060 | D:2      | Noticed Natasha
  1068 | D:2      | Killed Natasha
  1069 | D:2      | Reached XP level 4. HP: 18/26 MP: 4/4
  1135 | D:2      | Reached skill level 4 in Unarmed Combat
  1285 | D:2      | Found a faded altar of an unknown god.
  1724 | D:3      | Found Voesosin's Book Emporium.
  1770 | D:3      | Found Awipipt's Book Boutique.
  2081 | D:3      | Found Kaedipunt's Armour Shoppe.
  2090 | D:3      | Bought a +0 buckler of positive energy for 93 gold pieces
  2204 | D:3      | Found Oleubeih's Book Shoppe.
  2372 | D:3      | Reached * piety under Cheibriados
  2373 | D:3      | Reached XP level 5. HP: 31/31 MP: 5/5
  2398 | D:3      | Found Nexzoti's General Store.
  2675 | D:4      | Noticed a phantom
  2750 | D:4      | Killed a phantom
  2751 | D:4      | Reached skill level 1 in Shields
  2806 | D:4      | Noticed Blork the orc
  2813 | D:4      | Killed Blork the orc
  2814 | D:4      | Reached XP level 6. HP: 37/37 MP: 6/6
  2938 | D:4      | Found a shimmering altar of Xom.
  3018 | D:4      | Reached skill level 5 in Unarmed Combat
  3350 | D:5      | Entered Level 5 of the Dungeon
  3350 | D:5      | Found Noackuh's Magic Scroll Emporium.
  3353 | D:5      | Found the +9 staff of Olgreb {rPois∞}
  3386 | D:5      | Found a runed translucent door.
  3403 | D:5      | Noticed a water moccasin
  3403 | D:5      | Noticed a water moccasin
  3404 | D:5      | Noticed a water moccasin
  3407 | D:5      | Found a runed translucent door.
  3407 | D:5      | Found a runed translucent gate.
  3408 | D:5      | Found a runed translucent gate.
  3418 | D:5      | Found a runed translucent gate.
  3429 | D:5      | Found a broken altar of Ashenzari.
  3516 | D:5      | Noticed a redback
  3517 | D:5      | Noticed a redback
  3517 | D:5      | Noticed a redback
  3520 | D:5      | Noticed a redback
  3531 | D:5      | Found a shadowy altar of Dithmenos.
  3532 | D:5      | Found a glowing silver altar of Zin.
  3553 | D:5      | Noticed an ice beast
  3565 | D:5      | Killed an ice beast
  3566 | D:5      | Reached XP level 7. HP: 41/41 MP: 7/7
  3609 | D:5      | Reached ** piety under Cheibriados
  3614 | D:5      | Found a sand-covered staircase.
  3619 | Ossuary  | Entered an ossuary
  3902 | Ossuary  | Slain by a mummy

Illustrated notes

Levels and vault maps discovered:
D:1:      minmay_arrival_cross, layout_rooms, serial_shops,
          nicolae_shop_crystal, minmay_gold_behind_fungi
D:2:      layout_loops_corners, basic_altar,
          hellmonk_ecumenical_altar_arch_garden, minmay_misc_feat_more_columns,
          nicolae_underground_beach, uniq_natasha
D:3:      layout_loops_corners, serial_shops, shop, shop, shop, shop, shop
D:4:      layout_basic, lemuel_crystal_altar, uniq_blork_the_orc
D:5:      layout_loops_corners, grunt_ashenzari_visionary
          [grunt_ashenzari_visionary_shoals, grunt_ashenzari_visionary_spider],
          grunt_temple_overflow_open, serial_shops, nicolae_shop_stone, shop,
          nicolae_stop_n_shop_2, shop, enter_ossuary_5,
          minmay_guarded_unrand_staff_of_olgreb, uniq_ijyb, uniq_eustachio
Ossuary:  ossuary_tomb_2

Skill      XL: |  1  2  3  4  5  6  7 |
---------------+----------------------+-----
Dodging        | 2 3 |  3.0
Fighting       | 2 3 |  3.5
Unarmed Combat | 4 5 |  5.4
Shields        | 1 2 3 |  3.8
Shapeshifting  | 3 |  3.2

Action                     |  1- 3 |  4- 6 |  7- 9 || total
---------------------------+-------+-------+-------++-------
  Melee: Unarmed           |   134 |   122 |   103 ||   359
         Punch             |     2 |       |       ||     2
  Throw: Stone             |    11 |    24 |       ||    35
    Use: Potion            |     1 |     1 |     1 ||     3
         Scroll            |     3 |     9 |       ||    12
 Armour: Skin              |    14 |       |       ||    14
         Animal skin       |     2 |       |       ||     2
         Leather armour    |    36 |     9 |       ||    45
         Ring mail         |       |    27 |    21 ||    48
  Dodge: Dodged            |    63 |    58 |    22 ||   143
  Block: Buckler           |       |    14 |    18 ||    32

Table legend: (Time is in decaauts)
 A = Elapsed time spent in this place.
 B = Non-inter-level travel time spent in this place.
 C = Inter-level travel time spent in this place.
 D = Time resting spent in this place.
 E = Time spent auto-exploring this place.
 F = Levels seen in this place.
 G = Mean time per level.
                   A        B        C        D        E       F      G
               +--------+--------+--------+--------+--------+-----+--------+
         Total |   4733 |   4581 |    152 |     94 |   3570 |   6 |  788.8 |
       Dungeon |   4430 |   4278 |    152 |     94 |   3419 |   5 |  886.0 |
       Ossuary |    302 |    302 |      0 |      0 |    151 |   1 |  302.0 |
               +--------+--------+--------+--------+--------+-----+--------+

Top non-repeatable levels by time:
     D:3: 1288 daAuts
     D:2: 1259 daAuts
     D:4: 825 daAuts
     D:1: 682 daAuts
     D:5: 374 daAuts
 Ossuary: 302 daAuts
